[Event "Team 45 45 League T72"]
[Site "Internet Chess Club"]
[Date "2017.04.07"]
[Round "4"]
[White "ChessRooklift"]
[Black "jjimalo"]
[Result "1/2-1/2"]
[WhiteElo "1755"]
[BlackElo "1792"]
[Opening "Queen's pawn game"]
[ECO "A45"]
[Time "15:30:44"]
[TimeControl "2700+45"]

1. d4 Nf6 2. h4 d5 3. c3 e6 4. g3 c5 5. Bg2 Nc6 6. Nf3 b6 7. Bf4 Bd6 8. e3 O-O
9. h5 Bxf4 10. gxf4 h6 11. Nbd2 cxd4 12. cxd4 Bb7 13. Ne5 Nxe5 14. fxe5 Nh7 15.
f4 Rc8 16. Bf1 f5 17. Nf3 Rf7 18. Rg1 Rfc7 19. Bd3 Qe7 20. a3 Nf8 21. Kd2 Nd7
22. Qe1 a6 23. Qg3 b5 24. Nh4 Nf8 25. Ke2 Bc6 26. Bxf5 Be8 27. Bd3 Bxh5+ 28. Kf1
Rc1+ 29. Kg2 Rxa1 30. Rxa1 b4 31. f5 bxa3 32. f6 Qb7 33. b3 Rc3 34. Bxa6 Rc2+
35. Kg1 Qc7 36. Qxg7+ Qxg7+ 37. fxg7 Kxg7 38. Rxa3 Ng6 39. Nxg6 Bxg6 40. Bf1 Bf5
41. Ra7+ Kg6 42. Bb5 Rb2 43. Be8+ Kg5 44. Rb7 Kh4 45. Rg7 Rxb3 46. Kf2 Rb2+ 47.
Ke1 Bg4 48. Rg6 h5 49. Bf7 Re2+ 50. Kf1 Rxe3 51. Bxe6 Bxe6 52. Rxe6 Re4 53. Rd6
Rxd4 54. e6 Re4 55. Rxd5 Rxe6 56. Kg2 Re2+ 57. Kf3 Ra2 58. Rd1 Ra3+ 59. Kf2 Kg4
60. Rd4+ Kg5 {Game drawn by mutual agreement} 1/2-1/2

[Event "Team 45 45 League T72"]
[Site "Internet Chess Club"]
[Date "2017.04.09"]
[Round "4"]
[White "chessnow"]
[Black "backrankbrawler"]
[Result "1-0"]
[WhiteElo "1769"]
[BlackElo "1786"]
[Opening "French: Rubinstein variation"]
[ECO "C03"]
[Time "22:04:33"]
[TimeControl "2700+45"]

1. e4 e6 2. d4 d5 3. Nd2 dxe4 4. Nxe4 Nd7 5. Nf3 Ngf6 6. Bd3 c5 7. Be3 Qc7 8.
O-O Be7 9. Qe2 cxd4 10. Bxd4 O-O 11. a4 g6 12. c4 b6 13. Nfd2 Bb7 14. f4 Rfd8
15. Bc3 Rac8 16. b3 Nxe4 17. Bxe4 Nc5 18. Bc2 a5 19. Qg4 Rd7 20. f5 exf5 21.
Bxf5 Ne6 22. Bxe6 Bc5+ 23. Kh1 fxe6 24. Qxe6+ Rf7 25. Rxf7 Qxf7 26. Qe5 Qc7 27.
Qe6+ Qf7 28. Qe5 Qc7 29. Qh8+ Kf7 30. Qxh7+ Ke8 31. Re1+ Be7 32. Qxg6+ Kd8 33.
Qg8+ Kd7 34. Qe6+ Kd8 35. Bf6 {Black resigns} 1-0

[Event "Team 45 45 League T72"]
[Site "Internet Chess Club"]
[Date "2017.04.08"]
[Round "4"]
[White "Kronus"]
[Black "Tobiasdelmonte"]
[Result "0-1"]
[WhiteElo "1537"]
[BlackElo "1672"]
[Opening "Queen's pawn game"]
[ECO "A46"]
[Time "20:00:40"]
[TimeControl "2700+45"]

1. d4 Nf6 2. Nf3 e6 3. Bd2 b6 4. a3 Bb7 5. Nc3 d5 6. e3 Bd6 7. Qb1 O-O 8. b4 a6
9. Qb3 Nbd7 10. h3 e5 11. Ne2 e4 12. Nh2 b5 13. g4 Nb6 14. Bg2 Nc4 15. Bc1 h6
16. O-O Re8 17. c3 c6 18. Rd1 Re6 19. Bb2 Qc7 20. Nf1 Nh7 21. Rdb1 Ng5 22. Qd1
Rf6 23. Neg3 Nf3+ 24. Bxf3 Rxf3 25. Nh2 Rxf2 26. Kxf2 Bxg3+ 27. Kg1 Bxh2+ 28.
Kh1 Nxe3 29. Qe2 Bf4 30. Bc1 Nc4 31. Bxf4 Qxf4 32. Rf1 Qe3 33. Qh2 Rf8 34. Ra2
Qxc3 35. Raf2 Qxd4 36. Rxf7 Rxf7 37. Qb8+ Kh7 38. Rxf7 Ne5 39. Rf1 Qd3 40. Kg2
Ng6 41. Qd8 e3 42. Qd6 Qe4+ 43. Kh2 e2 44. Re1 Nf4 45. Kg3 Qg2+ 46. Kxf4 Qh2+
47. Kf5 Qxd6 {White resigns} 0-1

[Event "Team 45 45 League T72"]
[Site "Internet Chess Club"]
[Date "2017.04.09"]
[Round "4"]
[White "JPSVI"]
[Black "cap78red"]
[Result "1-0"]
[WhiteElo "1555"]
[BlackElo "1473"]
[Opening "Bird's opening"]
[ECO "A02"]
[Time "17:03:43"]
[TimeControl "2700+45"]

1. f4 Nf6 2. Nf3 g6 3. g3 Bg7 4. Bg2 c6 5. d3 d5 6. O-O Qb6+ 7. e3 Ng4 8. d4 O-O
9. h3 Nf6 10. Nbd2 c5 11. c3 cxd4 12. cxd4 Nc6 13. a3 Ne4 14. Nxe4 dxe4 15. Nd2
Bf5 16. g4 Nxd4 17. gxf5 Nxf5 18. Nc4 Qc5 19. Qb3 Rac8 20. Ne5 Qc2 21. Qxc2 Rxc2
22. Bxe4 Rxc1 23. Raxc1 Ng3 24. Bxb7 Nxf1 25. Kxf1 Rb8 26. Be4 Bxe5 27. fxe5
Rxb2 28. Rc7 Rb3 29. Rxa7 Rxe3 30. Ra4 Rxh3 31. Bg2 Rh5 32. Re4 f6 33. e6 Ra5
34. a4 f5 35. Rb4 Kg7 36. Bc6 Kf6 37. Bd7 g5 38. Rb2 h5 39. Rb8 h4 40. Rf8+ Ke5
41. Rf7 Kd6 42. Kg2 g4 43. Rh7 h3+ 44. Kg3 Rc5 45. Kh2 Rc2+ 46. Kg3 Rg2+ 47. Kf4
Rf2+ 48. Kg3 Ke5 49. Kxf2 f4 50. Rh5+ Kf6 51. a5 h2 52. Rxh2 g3+ 53. Kg2 gxh2
54. Kxh2 Ke5 55. a6 Ke4 56. a7 Kf3 57. a8=Q+ Ke2 58. Bc6 {Black resigns} 1-0

[Event "Team 45 45 League T72"]
[Site "Internet Chess Club"]
[Date "2017.04.11"]
[Round "4"]
[White "Insan996"]
[Black "BrianWood"]
[Result "1-0"]
[WhiteElo "1611"]
[BlackElo "1477"]
[Opening "QGD: Semi-Tarrasch, 5.cd"]
[ECO "D41"]
[Time "20:15:39"]
[TimeControl "2700+45"]

1. d4 Nf6 2. Nf3 e6 3. c4 d5 4. Nc3 c5 5. cxd5 exd5 6. Bg5 Be7 7. e3 Nbd7 8. Be2
h6 9. Bh4 g5 10. Bg3 a6 11. Rc1 O-O 12. O-O Re8 13. dxc5 Nxc5 14. Nd4 Qb6 15.
Qc2 Nce4 16. Nxd5 Nxd5 17. Qxe4 Nf6 18. Qb1 Bd6 19. Bxd6 Qxd6 20. Rfd1 Qe5 21.
Nf3 Qa5 22. Nd4 Be6 23. b3 Rad8 24. Qb2 Qe5 25. Bf3 Bg4 26. Qe2 h5 27. h3 Bxf3
28. Qxf3 g4 29. hxg4 Nxg4 30. g3 Qe4 31. Qxe4 Rxe4 32. Rc7 Nxe3 33. fxe3 Rxe3
34. Kf2 Re4 35. Rc4 Ree8 36. Rcc1 Re4 37. Nf5 Rxd1 38. Rxd1 Re6 39. Rd6 b5 40.
Rxe6 fxe6 41. Nd4 Kf7 42. b4 Kf6 43. Ke3 e5 44. Nc6 Kf5 45. Nb8 Kg4 46. Kf2 e4
47. Nxa6 e3+ 48. Kxe3 Kxg3 49. Nc5 h4 50. Ne4+ Kg4 51. Nf2+ Kg3 52. Ke2 Kf4 53.
Nh3+ Ke4 54. Ng1 Kd4 55. Kd2 Ke4 56. Ke2 Kd4 57. Kd2 Ke4 58. a3 Kf4 59. Ke2 Ke4
60. Nh3 Kd4 61. Kd2 Ke4 62. Ke2 Kd4 63. Nf2 Kc3 64. Ke3 Kb3 65. Kd4 Kxa3 66. Kc5
{Black resigns} 1-0

[Event "Team 45 45 League T72"]
[Site "Internet Chess Club"]
[Date "2017.04.09"]
[Round "4"]
[White "JSCOL"]
[Black "Ptzz"]
[Result "1-0"]
[WhiteElo "2096"]
[BlackElo "2015"]
[Opening "Sicilian: accelerated fianchetto, modern variation with Bc4"]
[ECO "B35"]
[Time "13:00:55"]
[TimeControl "2700+45"]

1. e4 c5 2. Nf3 g6 3. d4 cxd4 4. Nxd4 Nc6 5. Nc3 Bg7 6. Be3 Nf6 7. Bc4 O-O 8.
Bb3 a5 9. f3 d5 10. Bxd5 Nxd5 11. Nxd5 f5 12. Nb5 fxe4 13. Bb6 Qe8 14. Nbc7 Qf7
15. Nxa8 exf3 16. O-O Bg4 17. Nac7 e6 18. Nc3 Qe7 19. Rf2 Qb4 20. N3b5 fxg2 21.
c3 Qe4 22. Qe1 Qc4 23. b3 Qd3 24. Qe3 Qd7 25. Rxg2 Bf5 26. Rd2 Qf7 27. Nd6 Qf6
28. Nxf5 {Black resigns} 1-0

[Event "Team 45 45 League T72"]
[Site "Internet Chess Club"]
[Date "2017.04.08"]
[Round "4"]
[White "ganymede57"]
[Black "santiagoelawad"]
[Result "1-0"]
[WhiteElo "2100"]
[BlackElo "2005"]
[Opening "Bird's opening"]
[ECO "A02"]
[Time "09:18:48"]
[TimeControl "2700+45"]

1. f4 g6 2. Nf3 Bg7 3. g3 d5 4. Bg2 h5 5. O-O Nh6 6. d3 d4 7. c3 c5 8. Qa4+ Kf8
9. cxd4 cxd4 10. Na3 Nc6 11. b4 e6 12. Nc4 Nf5 13. Ng5 Nce7 14. Ne5 f6 15. Bxb7
fxg5 16. Bxa8 Bxe5 17. fxe5 Bd7 18. Qxa7 Nc6 19. Bxc6 Bxc6 20. Qc5+ {Black
resigns} 1-0

[Event "Team 45 45 League T72"]
[Site "Internet Chess Club"]
[Date "2017.04.09"]
[Round "4"]
[White "primerpaso"]
[Black "Dreamshell"]
[Result "1-0"]
[WhiteElo "1821"]
[BlackElo "1886"]
[Opening "English: Sicilian reversed"]
[ECO "A25"]
[Time "19:04:38"]
[TimeControl "2700+45"]

1. c4 e5 2. Nc3 Nc6 3. g3 Nf6 4. Bg2 Bc5 5. e3 d6 6. Nge2 O-O 7. O-O a6 8. b3
Ba7 9. Bb2 Bg4 10. h3 Bf5 11. d4 Re8 12. Qd2 Qc8 13. Kh2 Ne7 14. e4 exd4 15.
Nxd4 Bd7 16. Rae1 c6 17. Ba3 Bb8 18. Nc2 Qc7 19. f4 Nc8 20. Rd1 b5 21. c5 d5 22.
e5 a5 23. exf6 b4 24. Nxd5 cxd5 25. Qxd5 Ra7 26. Qg5 {Black resigns} 1-0

[Event "Team 45 45 League T72"]
[Site "Internet Chess Club"]
[Date "2017.04.09"]
[Round "4"]
[White "cityprosecutor"]
[Black "VictorRed"]
[Result "1-0"]
[WhiteElo "1699"]
[BlackElo "1649"]
[Opening "Sicilian defense"]
[ECO "B20"]
[Time "20:00:38"]
[TimeControl "2700+45"]

1. e4 c5 2. d3 Nc6 3. g3 g6 4. Bg2 Bg7 5. f4 e6 6. Nf3 Qb6 7. e5 Nge7 8. O-O c4+
9. Kh1 cxd3 10. Qxd3 Qc7 11. Nc3 a6 12. Ne4 O-O 13. c3 b6 14. Rd1 Nd5 15. Nd6
Ra7 16. Nd2 Nde7 17. N2e4 a5 18. Nxc8 Nxc8 19. Be3 N6e7 20. Nd6 Nf5 21. Nb5 Qb8
22. Nxa7 Nxe3 23. Qxe3 Qxa7 24. Rd2 Rd8 25. Rad1 Bf8 26. Rd3 Bc5 27. Qe2 Qa6 28.
Qd2 d5 29. exd6 Rxd6 30. Rxd6 Bxd6 31. Qd3 b5 32. Qe4 Kf8 33. Qb7 {Black
resigns} 1-0

[Event "Team 45 45 League T72"]
[Site "Internet Chess Club"]
[Date "2017.04.09"]
[Round "4"]
[White "SlimeDog2"]
[Black "hood"]
[Result "0-1"]
[WhiteElo "2087"]
[BlackElo "2007"]
[Opening "Grünfeld: modern exchange variation"]
[ECO "D85"]
[Time "22:04:39"]
[TimeControl "2700+45"]

1. d4 Nf6 2. c4 g6 3. Nc3 d5 4. cxd5 Nxd5 5. e4 Nxc3 6. bxc3 Bg7 7. Nf3 c5 8. h3
O-O 9. Be2 Nc6 10. Be3 cxd4 11. cxd4 Qa5+ 12. Bd2 Qa3 13. d5 Ne5 14. Nxe5 Bxe5
15. Rb1 Qxa2 16. O-O Bd7 17. Rxb7 Ba4 18. Qe1 Rfb8 19. Rxb8+ Rxb8 20. Bd3 Bc2
21. Bxc2 Qxc2 22. Qe3 Rb2 23. Bc1 Rb1 24. f4 Bc7 25. Kh2 Bb6 26. Qe1 Qc4 27. f5
Bc7+ 28. g3 Qc2+ 29. Kh1 Ra1 30. fxg6 hxg6 {White resigns} 0-1

[Event "Team 45 45 League T72"]
[Site "Internet Chess Club"]
[Date "2017.04.10"]
[Round "4"]
[White "soccerisfun"]
[Black "searchforbobby1"]
[Result "0-1"]
[WhiteElo "1946"]
[BlackElo "1967"]
[Opening "Sicilian: Pelikan, Bird variation"]
[ECO "B33"]
[Time "20:06:33"]
[TimeControl "2700+45"]

1. e4 c5 2. Nf3 Nc6 3. d4 cxd4 4. Nxd4 Nf6 5. Nc3 e5 6. Ndb5 d6 7. Bg5 a6 8. Na3
Be6 9. Nd5 Bxd5 10. exd5 Qa5+ 11. c3 Qxd5 12. Bxf6 Qxd1+ 13. Rxd1 gxf6 14. Bc4
Rd8 15. Bd5 f5 16. g3 Bg7 17. Nc4 Ke7 18. Ne3 Kf6 19. O-O Bh6 20. Kg2 Rd7 21. a4
Ne7 22. f4 exf4 23. gxf4 Ng6 24. Rd4 Re8 25. Kf3 Nh4+ 26. Kf2 Ng6 27. Bg2 Ne7
28. Rfd1 Red8 29. c4 Nc6 30. Rd5 Ne7 31. R5d4 Nc6 32. Rd5 Ne7 33. Ra5 Bxf4 34.
Nd5+ Nxd5 35. Rdxd5 Be5 {White resigns} 0-1

[Event "Team 45 45 League T72"]
[Site "Internet Chess Club"]
[Date "2017.04.08"]
[Round "4"]
[White "ArturitoGalacti"]
[Black "joebobpop"]
[Result "1-0"]
[WhiteElo "1885"]
[BlackElo "1925"]
[Opening "English: Anglo-Grünfeld defense"]
[ECO "A16"]
[Time "18:03:39"]
[TimeControl "2700+45"]

1. c4 Nf6 2. Nc3 d5 3. cxd5 Nxd5 4. Qb3 Nxc3 5. Qxc3 Nc6 6. Nf3 Bd7 7. e3 e6 8.
a3 Qe7 9. d4 Qf6 10. Bd3 h6 11. b4 a6 12. O-O Bd6 13. Bb2 O-O-O 14. e4 Qf4 15.
e5 Be7 16. b5 axb5 17. Bxb5 Nxe5 18. Bxd7+ Nxd7 19. a4 Nb6 20. a5 Nd5 21. Qc4
Rd6 22. a6 bxa6 23. Ba3 Rb6 24. Bxe7 Nxe7 25. Rxa6 Rxa6 26. Qxa6+ Kd8 27. Rb1 c6
28. Ne5 Qxd4 29. Nxf7+ {Black resigns} 1-0

[Event "Team 45 45 League T72"]
[Site "Internet Chess Club"]
[Date "2017.04.07"]
[Round "4"]
[White "samit"]
[Black "ChessHouston"]
[Result "0-1"]
[WhiteElo "1518"]
[BlackElo "1779"]
[Opening "Ponziani: Steinitz variation"]
[ECO "C44"]
[Time "20:00:32"]
[TimeControl "2700+45"]

1. e4 e5 2. Nf3 Nc6 3. c3 d5 4. Qa4 f6 5. Bb5 Ne7 6. O-O Be6 7. Re1 a6 8. Bf1 b5
9. Qc2 g5 10. h3 Bg7 11. d4 Ng6 12. g3 O-O 13. Bg2 dxe4 14. Qxe4 Bd5 15. Qd3 e4
16. Rxe4 Bxe4 17. Qxe4 Nce7 18. Qe6+ Kh8 19. Nxg5 fxg5 20. Bxa8 Qxa8 21. Bxg5
Qd5 22. Qe2 Qxg5 23. Nd2 {White resigns} 0-1

[Event "Team 45 45 League T72"]
[Site "Internet Chess Club"]
[Date "2017.04.09"]
[Round "4"]
[White "zepled37"]
[Black "calsal"]
[Result "0-1"]
[WhiteElo "1702"]
[BlackElo "1744"]
[Opening "Scandinavian defense"]
[ECO "B01"]
[Time "09:19:26"]
[TimeControl "2700+45"]

1. e4 d5 2. exd5 Nf6 3. d4 Bg4 4. f3 Bf5 5. Bb5+ Nbd7 6. c4 a6 7. Bxd7+ Qxd7 8.
Ne2 e6 9. dxe6 Qxe6 10. b3 O-O-O 11. O-O h5 12. Nbc3 h4 13. Bg5 h3 14. g3 Bc5
15. Kh1 Rhe8 16. Bxf6 gxf6 17. Nf4 Qe3 18. Nfd5 Qxd4 19. Qxd4 Bxd4 20. Rad1 Be5
21. f4 Bxc3 22. Nxc3 Rxd1 23. Rxd1 c6 24. Kg1 Re3 25. Rc1 Rd3 26. Kf2 Rd2+ 27.
Kg1 Bg4 28. Rf1 Rg2+ 29. Kh1 f5 30. a3 Rc2 31. Nd1 Be2 32. Ne3 Rc3 33. Nd1 Rc1
{White resigns} 0-1

[Event "Team 45 45 League T72"]
[Site "Internet Chess Club"]
[Date "2017.04.06"]
[Round "4"]
[White "Yedixon"]
[Black "justice02"]
[Result "1-0"]
[WhiteElo "1708"]
[BlackElo "1642"]
[Opening "French: classical, Alapin variation"]
[ECO "C14"]
[Time "21:08:01"]
[TimeControl "2700+45"]

1. e4 e6 2. d4 d5 3. Nc3 Nf6 4. Bg5 Be7 5. e5 Nfd7 6. Bxe7 Qxe7 7. Nb5 Qd8 8.
Qg4 Kf8 9. Bd3 a6 10. Na3 c5 11. c3 Nc6 12. Nf3 cxd4 13. cxd4 Qa5+ 14. Ke2 h5
15. Qf4 Qb4 16. Nc2 Qe7 17. a3 Rh6 18. Rhe1 f5 19. Ne3 Kg8 20. Bxf5 exf5 21.
Nxf5 Qf8 22. Nxh6+ gxh6 23. Qh4 Qf5 24. Kf1 Nf8 25. Re3 Be6 26. Qg3+ Kh7 27. Nh4
Qg4 28. Qxg4 hxg4 29. Rd1 h5 30. f4 gxf3 31. Nxf3 Kh6 32. Rc3 Ng6 33. g3 Bg4 34.
Kg2 Rf8 35. Rd2 Nce7 36. Ne1 h4 37. Rc7 Nf5 38. Nc2 h3+ 39. Kg1 Kh5 40. Rxb7 Bf3
41. Ra7 Bg2 42. Rf2 Kg5 43. Rxa6 Rc8 44. Rxf5+ Kxf5 45. Ne3+ Kg5 46. b4 Rc1+ 47.
Kf2 Ne7 48. b5 Rb1 49. a4 Nf5 50. Nxf5 Kxf5 51. Rf6+ Ke4 52. Rf4+ Kd3 53. g4 Be4
54. e6 Rb2+ 55. Kg3 Bg6 56. e7 Re2 57. b6 Rxe7 58. a5 Be8 59. a6 Bc6 60. Rf6 Ba8
61. Rf8 Bc6 62. Rc8 Re6 63. Rxc6 Rxc6 64. b7 Rxa6 65. b8=Q Kxd4 66. Qb4+ Ke5 67.
Qe1+ Kd6 68. Kxh3 d4 69. Qb4+ Kc7 70. Qxd4 Rd6 71. Qa7+ Kd8 72. Kh4 Rd7 73. Qa5+
Ke8 74. g5 Rg7 75. Kg4 Kf8 76. h4 Kg8 77. Qd8+ Kh7 78. h5 Rg8 79. g6+ Kh8 80.
Qf6+ Rg7 81. h6 {Black resigns} 1-0

[Event "Team 45 45 League T72"]
[Site "Internet Chess Club"]
[Date "2017.04.09"]
[Round "4"]
[White "Grenadier"]
[Black "Chess4Him"]
[Result "1-0"]
[WhiteElo "1602"]
[BlackElo "1572"]
[Opening "Robatsch (modern) defense"]
[ECO "B06"]
[Time "21:00:22"]
[TimeControl "2700+45"]

1. e4 g6 2. d4 Bg7 3. Nf3 d6 4. Bd3 a6 5. Bf4 Nd7 6. c3 e5 7. Bg5 Ne7 8. Nbd2 h6
9. Be3 b5 10. O-O O-O 11. a4 c6 12. axb5 cxb5 13. Bxb5 Bb7 14. Bd3 Qc7 15. Qe2
a5 16. h4 Nf6 17. Nh2 Rfb8 18. Rfb1 a4 19. d5 Bc8 20. g4 a3 21. Rxa3 Rxa3 22.
bxa3 Rxb1+ 23. Nxb1 Qa5 24. g5 hxg5 25. Bxg5 Qc7 26. a4 Qd7 27. Bb5 Qh3 28. Qf3
Qxf3 29. Nxf3 Bg4 30. Nfd2 Nc8 31. f3 Bh5 32. Kf2 Nh7 33. Bd8 Bf6 34. Bxf6 Nxf6
35. Nf1 Na7 36. c4 Kf8 37. Ng3 Ke7 38. Nc3 Nd7 39. Nxh5 gxh5 40. Bxd7 Kxd7 41.
Ne2 Nc8 42. a5 Kc7 43. Ng3 Kb7 44. Nxh5 Ka6 45. Nf6 Kxa5 46. Ng8 Nb6 47. h5 Nd7
48. Nh6 f6 49. Nf7 Kb6 50. Nxd6 Kc5 51. Nf5 Kxc4 52. h6 Nf8 53. Kg3 Kc5 54. Kg4
Kb6 55. Ng7 Kc7 56. Ne6+ Nxe6 57. dxe6 Kd6 58. Kf5 {Black resigns} 1-0

[Event "Team 45 45 League T72"]
[Site "Internet Chess Club"]
[Date "2017.04.09"]
[Round "4"]
[White "mongmong"]
[Black "GoIrish"]
[Result "1-0"]
[WhiteElo "1539"]
[BlackElo "1548"]
[Opening "King's Indian: Gligoric-Taimanov system"]
[ECO "E92"]
[Time "13:39:29"]
[TimeControl "2700+45"]

1. d4 Nf6 2. Nf3 g6 3. c4 Bg7 4. Nc3 O-O 5. e4 d6 6. Be2 e5 7. Be3 Ng4 8. Bg5 f6
9. Bh4 Nc6 10. d5 Ne7 11. Nd2 Nh6 12. f3 f5 13. O-O Nf7 14. b4 g5 15. Bf2 f4 16.
c5 h5 17. Rc1 Nh6 18. cxd6 cxd6 19. Nb5 g4 20. Nc7 gxf3 21. Bxf3 Bg4 22. Nxa8
Qxa8 23. h3 Bxf3 24. Nxf3 Nf7 25. Rc7 Ng6 26. Qa4 Ng5 27. Nxg5 Qd8 28. Qd7 Qf6
29. Ne6 Rf7 30. Qxf7+ Qxf7 31. Rxf7 Kxf7 32. Nxg7 Kxg7 33. Bxa7 Kh6 34. Bb8 Kg5
35. Bxd6 Kh4 36. a4 {Black resigns} 1-0

[Event "Team 45 45 League T72"]
[Site "Internet Chess Club"]
[Date "2017.04.11"]
[Round "4"]
[White "kidviper"]
[Black "otherook"]
[Result "1-0"]
[WhiteElo "1886"]
[BlackElo "1691"]
[Opening "French: Tarrasch"]
[ECO "C03"]
[Time "16:07:12"]
[TimeControl "2700+45"]

1. e4 e6 2. d4 d5 3. Nd2 dxe4 4. Nxe4 Bd7 5. Ne2 Bc6 6. N2g3 Nf6 7. Bg5 Be7 8.
Bxf6 Bxf6 9. c3 Nd7 10. Be2 O-O 11. O-O Bxe4 12. Nxe4 Be7 13. Bf3 c6 14. b4 Qc7
15. Qb3 Nf6 16. Nc5 a5 17. a3 b6 18. Nd3 Rab8 19. Ne5 c5 20. Nc6 Rbc8 21. dxc5
bxc5 22. Nxa5 {Black resigns} 1-0

[Event "Team 45 45 League T72"]
[Site "Internet Chess Club"]
[Date "2017.04.08"]
[Round "4"]
[White "BJJ"]
[Black "crazyhorses"]
[Result "1-0"]
[WhiteElo "1419"]
[BlackElo "1362"]
[Opening "Ruy Lopez: Morphy defense"]
[ECO "C77"]
[Time "09:08:29"]
[TimeControl "2700+45"]

1. e4 e5 2. Nf3 Nc6 3. Bb5 a6 4. Ba4 Nf6 5. c3 b5 6. Bb3 Be7 7. a4 Bb7 8. O-O d6
9. Re1 O-O 10. d4 h6 11. d5 Nb8 12. Nbd2 Nbd7 13. Nf1 Nc5 14. Bc2 bxa4 15. Ng3
c6 16. c4 Rc8 17. h3 cxd5 18. exd5 Nfd7 19. Nf5 Nb6 20. Nxh6+ gxh6 21. Bxh6 f5
22. Bxf8 Qxf8 23. Ra3 Nxc4 24. Rc3 Nd7 25. Qc1 Nf6 26. Bxf5 {Black resigns} 1-0

[Event "Team 45 45 League T72"]
[Site "Internet Chess Club"]
[Date "2017.04.08"]
[Round "4"]
[White "PsyMar"]
[Black "KidBoa"]
[Result "0-1"]
[WhiteElo "1235"]
[BlackElo "1292"]
[Opening "Scandinavian (center counter) defense"]
[ECO "B01"]
[Time "10:00:49"]
[TimeControl "2700+45"]

1. e4 d5 2. exd5 Qxd5 3. Nc3 Qa5 4. d4 c6 5. Bd2 Nf6 6. Nf3 Bf5 7. Bc4 Qc7 8.
Ne5 e6 9. O-O Bd6 10. Re1 O-O 11. f3 Nbd7 12. g4 Bg6 13. f4 Nd5 14. Nxd5 cxd5
15. Nxg6 hxg6 16. Bb5 Nf6 17. Bd3 Bxf4 18. Bxf4 Qxf4 19. c3 Nxg4 20. Qc2 Rae8
21. Re2 f5 22. Rf1 Qh6 23. Bb5 Re7 24. Rg2 Ne3 {White resigns} 0-1

[Event "Team 45 45 League T72"]
[Site "Internet Chess Club"]
[Date "2017.04.06"]
[Round "4"]
[White "goodFriday"]
[Black "Mitochondria"]
[Result "1-0"]
[WhiteElo "1901"]
[BlackElo "1593"]
[Opening "Sicilian: Najdorf"]
[ECO "B90"]
[Time "20:04:04"]
[TimeControl "2700+45"]

1. e4 c5 2. Nf3 d6 3. d4 cxd4 4. Nxd4 Nf6 5. Nc3 a6 6. f3 e6 7. Be3 Be7 8. Qd2
O-O 9. O-O-O Bd7 10. g4 Nc6 11. g5 Ne8 12. h4 g6 13. Nxc6 bxc6 14. h5 d5 15. Qh2
Bxg5 16. f4 Nf6 17. fxg5 Nxh5 18. Be2 f5 19. Bxh5 gxh5 20. Qxh5 Rf7 21. g6 Rg7
22. gxh7+ Kh8 23. Bd4 {Black resigns} 1-0

[Event "Team 45 45 League T72"]
[Site "Internet Chess Club"]
[Date "2017.04.08"]
[Round "4"]
[White "Scorpius"]
[Black "Littlemon"]
[Result "0-1"]
[WhiteElo "1361"]
[BlackElo "1611"]
[Opening "Blackmar gambit"]
[ECO "D00"]
[Time "12:00:27"]
[TimeControl "2700+45"]

1. d4 d5 2. e4 dxe4 3. Nc3 Nf6 4. f3 exf3 5. Qxf3 c6 6. Be3 Bg4 7. Qg3 e6 8. Nf3
Bd6 9. Qf2 Nbd7 10. Bd3 Nb6 11. O-O Nbd5 12. Nxd5 Nxd5 13. Ne5 Bf5 14. Bxf5 Bxe5
15. dxe5 exf5 16. Qxf5 O-O 17. Rad1 Nxe3 18. Rxd8 Nxf5 19. Rxf8+ Rxf8 20. Rxf5
Rd8 21. h3 Rd5 22. c4 Rc5 23. b3 g6 24. Rf2 Rxe5 25. Rd2 Re7 26. Kf2 Kg7 27. Rd6
Kf8 28. Rd8+ Kg7 29. Rd6 f5 30. Kf3 Kf7 31. c5 Ke8 32. Rd4 Rd7 33. Ke3 Ke7 34.
b4 Rxd4 35. Kxd4 Ke6 36. h4 h6 37. a4 a6 38. g3 g5 39. h5 Kf6 40. Kc4 Ke5 41. b5
axb5+ 42. axb5 f4 43. bxc6 bxc6 44. gxf4+ gxf4 45. Kd3 Kd5 46. Ke2 Ke4 47. Kf2
f3 48. Kf1 Kf4 49. Kf2 Kg4 50. Kf1 Kxh5 51. Kf2 Kg4 {White resigns} 0-1

[Event "Team 45 45 League T72"]
[Site "Internet Chess Club"]
[Date "2017.04.09"]
[Round "4"]
[White "UrsaMajor"]
[Black "MasterD"]
[Result "0-1"]
[WhiteElo "1402"]
[BlackElo "1528"]
[Opening "Sicilian: Alapin's variation (2.c3)"]
[ECO "B22"]
[Time "18:09:59"]
[TimeControl "2700+45"]

1. e4 c5 2. c3 d6 3. d4 cxd4 4. cxd4 Nc6 5. Nf3 Nf6 6. Nc3 Bg4 7. a3 Qb6 8. Bb5
O-O-O 9. Bxc6 Qxc6 10. Qd3 g6 11. h3 Bxf3 12. Qxf3 Bg7 13. Be3 Rhf8 14. Rc1 Kb8
15. O-O Rc8 16. Nd5 Qd7 17. Nb4 Qe6 18. e5 dxe5 19. dxe5 Nd7 20. Rfe1 Bxe5 21.
Rxc8+ Rxc8 22. Nd3 f6 23. Bf4 Qd6 24. Nxe5 Nxe5 25. Qe3 Rc5 26. b4 Rd5 27. Bh2
Ka8 28. Qc3 Qd7 29. Bxe5 fxe5 30. Rxe5 Rxe5 31. Qxe5 Qd1+ 32. Kh2 Qd6 33. f4
Qxe5 34. fxe5 e6 35. Kg3 Kb8 36. Kf4 h6 37. g4 g5+ 38. Kg3 Kc7 39. h4 Kc6 40.
hxg5 hxg5 41. Kf3 Kd5 42. Ke3 Kxe5 {White resigns} 0-1

[Event "Team 45 45 League T72"]
[Site "Internet Chess Club"]
[Date "2017.04.08"]
[Round "4"]
[White "cadmiumorange"]
[Black "Elalfer"]
[Result "1-0"]
[WhiteElo "1911"]
[BlackElo "1598"]
[Opening "Sicilian: Nimzovich-Rossolimo attack (with ...g6, without ...d6)"]
[ECO "B31"]
[Time "14:00:33"]
[TimeControl "2700+45"]

1. Nf3 c5 2. e4 Nc6 3. Bb5 g6 4. O-O Bg7 5. Re1 e5 6. c3 Nge7 7. d3 a6 8. Ba4
O-O 9. Nbd2 b5 10. Bc2 d6 11. Nf1 Be6 12. Ng5 h6 13. Nxe6 fxe6 14. Qg4 Qd7 15.
Qh3 Kh7 16. Ne3 Nd8 17. Nd5 Qc6 {Black resigns} 1-0

[Event "Team 45 45 League T72"]
[Site "Internet Chess Club"]
[Date "2017.04.09"]
[Round "4"]
[White "cayo89"]
[Black "PolishRyszard"]
[Result "0-1"]
[WhiteElo "1670"]
[BlackElo "1773"]
[Opening "Sicilian"]
[ECO "B50"]
[Time "13:03:30"]
[TimeControl "2700+45"]

1. e4 c5 2. Nf3 d6 3. Bd3 Nc6 4. c3 Nf6 5. Bc2 Bg4 6. h3 Bh5 7. g4 Bg6 8. Qe2 d5
9. d3 e6 10. e5 Nd7 11. Bf4 Qb6 12. b3 Be7 13. Nbd2 Qa5 14. Nb1 d4 15. Bd2 Qc7
16. Bf4 Qa5 17. O-O dxc3 18. d4 cxd4 19. Bxg6 hxg6 20. Kg2 Nb6 21. Rd1 Rd8 22.
Qc2 Nd5 {White resigns} 0-1

[Event "Team 45 45 League T72"]
[Site "Internet Chess Club"]
[Date "2017.04.08"]
[Round "4"]
[White "KidRattler"]
[Black "krysto"]
[Result "1-0"]
[WhiteElo "1620"]
[BlackElo "1583"]
[Opening "English opening"]
[ECO "A17"]
[Time "10:01:45"]
[TimeControl "2700+45"]

1. c4 Nf6 2. Nc3 e6 3. g3 d5 4. cxd5 exd5 5. Bg2 c6 6. e3 Bd6 7. Nge2 O-O 8. O-O
Bg4 9. f3 Bd7 10. Qc2 Na6 11. a3 Qc8 12. e4 Bh3 13. d4 Bxg2 14. Kxg2 dxe4 15.
fxe4 Be7 16. Bf4 Qd7 17. Rad1 Rac8 18. Qa4 Qe6 19. e5 Nd5 20. Nxd5 Qxd5+ 21. Kg1
Rfd8 22. Nc3 Qe6 23. Kg2 Ra8 24. Rf3 Nc7 25. Rdd3 Nd5 26. Nxd5 Rxd5 27. Bd2 Bd8
28. Bc3 Bb6 29. Qd1 Rad8 30. Qd2 Qg6 31. h3 c5 32. Qf4 cxd4 33. Bb4 Bc7 34. Qh4
Bxe5 35. Be7 R8d7 36. Bg5 f6 37. Bf4 Bxf4 38. Qxf4 Qe8 39. Rf2 f5 40. Rdf3 d3
41. Rd2 h6 42. Re3 Re7 43. Rexd3 Re2+ 44. Kf3 Rxd2 45. Rxd2 Qe4+ 46. Qxe4 fxe4+
47. Ke3 Re5 48. Rd4 Kf7 49. Rd7+ Kf6 50. Rxb7 a5 51. Ra7 g6 52. Ra6+ Kf5 53. g4+
Kg5 54. b4 axb4 55. axb4 h5 56. Ra5 Kf6 57. Rxe5 Kxe5 58. gxh5 {Black resigns}
1-0